 Dungeon Sprint DCSS version 0.28-a0-239-g68911e0c57 (webtiles) character file.

Game seed: 8514677932546986138

236 MikeHunt the Destroyer (level 6, -14/49 HPs)
             Began as a Naga Conjurer on Aug 23, 2021.
             Was a Follower of Ru.
             Demolished by Prince Ribbit (18 damage)
             ... while paralysed by a floating eye
             ... in the Dungeon (Sprint VII: "The Pits").
             The game lasted 00:02:45 (558 turns).

MikeHunt the Destroyer (Naga Conjurer)               Turns: 558, Time: 00:02:46

Health: -14/49     AC:  3    Str:  9    XL:     6   Next: 6%
Magic:  4/16       EV:  1    Int: 20    God:    Ru [*.....]
Gold:   0          SH:  0    Dex: 10    Spells: 9/19 levels left

rFire   . . .      SeeInvis +   k - +1 quarterstaff (speed)
rCold   . . .      Faith    .   (shield currently unavailable)
rNeg    . . .      Spirit   .   a - +0 robe
rPois   +          Reflect  .   (no helmet)
rElec   .          Harm     .   (no cloak)
rCorr   .          Rampage  .   (no gloves)
Will    .....      NoTele   +   (no barding)
Stlth   ++........              (no amulet)
HPRegen 0.16/turn               (no ring)
MPRegen 0.15/turn               (no ring)

@: paralysed, unable to read, very slow
A: AC +2, large, see invisible, deformed body, poison resistance, slowness 2,
spit poison 1, inability to read while threatened, naga tail 1
a: Spit Poison, Renounce Religion


You were in the Dungeon.
You worshipped Ru.
Ru was aware of your devotion.
You visited 1 branch

Inventory:

Hand Weapons
 h - a +2 trident of protection
 k - a +1 quarterstaff of speed (weapon)
Armour
 a - a +0 robe (worn)
 l - a +3 ring mail
Scrolls
 g - a scroll of blinking
 j - a scroll of summoning
Potions
 b - 6 potions of curing
 c - 4 potions of heal wounds
 d - a potion of haste
 e - 4 potions of magic
 f - 3 potions of berserk rage
 i - 2 potions of invisibility


   Skills:
 - Level 1.5 Dodging
 - Level 3.0 Stealth
 + Level 7.0 Spellcasting
 + Level 8.4 Conjurations
 + Level 5.7 Hexes


You had 9 spell levels left.
You knew the following spells:

 Your Spells              Type           Power      Damage    Failure   Level
a - Magic Dart            Conj           100%       1d8       1%          1
b - Dazzling Flash        Conj/Hex       70%        N/A       1%          3
r - Searing Ray           Conj           80%        3d6       1%          2
t - Fulminant Prism       Conj/Hex       17%        3d11      4%          4

Your spell library contained the following spells:

 Spells                   Type           Power      Damage    Failure   Level
 Iskenderun's Mystic Bla  Conj/Tloc      24%        2d7       16%         4


Dungeon Overview and Level Annotations

Branches:
Dungeon (1/1)

Altars:
Ashenzari
Cheibriados
Dithmenos
Elyvilon
Fedhas
Gozag
Hepliaklqana
Kikubaaqudgha
Makhleb
Nemelex Xobeh
Okawaru
Qazlal
Ru
Sif Muna
Trog
Uskayaw
Vehumet
Wu Jian
Xom
Yredelemnul
Zin
The Shining One
Beogh
Jiyva
Lugonu

Annotations:
D Prince Ribbit


Innate Abilities, Weirdness & Mutations

Your serpentine skin is tough. (AC +2)
You have supernaturally acute eyesight. (SInv)
Armour fits poorly on your strangely shaped body.
Your system is resistant to poisons. (rPois)
You cover ground very slowly.
You can spit poison.
You sometimes lose the ability to read scrolls when taking damage.
You have a snake-like lower body.


Message History

The searing ray hits the gnoll sergeant!
You kill the gnoll sergeant!
The searing ray hits the gnoll!
You kill the gnoll!
The searing ray misses the gnoll. (Press . to maintain the ray.)
Your Conjurations skill increases to level 8!
Your Hexes skill increases to level 5!
You have reached level 6!
Your experience leads to an increase in your attributes!
Increase (S)trength, (I)ntelligence, or (D)exterity?
You feel clever.
Your skin feels tougher.
The searing ray hits Prince Ribbit!
Prince Ribbit is moderately wounded.
The searing ray hits the gnoll!
You kill the gnoll!
Your Spellcasting skill increases to level 7!
The searing ray hits Prince Ribbit!
Prince Ribbit is severely wounded.
The searing ray hits the goblin!
You kill the goblin!
The searing ray hits the wolf!
The wolf is heavily wounded.
Prince Ribbit closely misses you.
The floating eye pulsates ominously.
The floating eye gazes piercingly through you!
You suddenly lose the ability to move!
Prince Ribbit hits you!
* * * LOW HITPOINT WARNING * * *
The floating eye seems to glare at you. Prince Ribbit hits you.
* * * LOW HITPOINT WARNING * * *
A jackal comes into view.
The jackal barks!
Prince Ribbit hits you.
* * * LOW HITPOINT WARNING * * *
The floating eye gazes piercingly through you!
You shrug off the repeated paralysis!
Prince Ribbit hits you!!
You die...

##########.##.....
#.....).....')....
#'#####'#####.....
#.#..#..#.[##.....
#.#..'..#))#####'#
#.#..####.)##.....
#.#..#..#))##.....
#.#..#..#..##.....
#@##'#..#'###...<.
#F#........##.....
#h#........##.....
#g###########.....


#Gh ###### #... #..g# #..## #... You could see Prince Ribbit, a wolf, a floating
eye, a gnoll and a jackal.

Vanquished Creatures
  A black bear (D)
  A gnoll sergeant (D)
  6 gnolls (D)
  An ufetubus (D)
  An adder zombie (D)
  A giant cockroach (D)
  A goblin (D)
  A hobgoblin (D)
  A jackal (D)
  2 ball python zombies (D)
  A frilled lizard (D)
17 creatures vanquished.

Notes
Turn   | Place    | Note
-------+----------+-------------------------------------------
     0 | D        | MikeHunt the Naga Conjurer began the quest for the Orb.
     0 | D        | Reached XP level 1. HP: 15/15 MP: 3/3
    17 | D        | Reached skill level 5 in Conjurations
    17 | D        | Reached XP level 2. HP: 22/22 MP: 0/6
    25 | D        | Found a bloodstained altar of Trog.
    25 | D        | Found a shimmering blue altar of Sif Muna.
    25 | D        | Found a viscous altar of Jiyva.
    25 | D        | Found a hazy altar of Hepliaklqana.
    25 | D        | Found an opulent altar of Gozag.
    26 | D        | Found a glowing golden altar of the Shining One.
    26 | D        | Found a glowing silver altar of Zin.
    26 | D        | Found a basalt altar of Yredelemnul.
    26 | D        | Found a shimmering altar of Xom.
    26 | D        | Found an ornate altar of the Wu Jian Council.
    26 | D        | Found a sacrificial altar of Ru.
    26 | D        | Found a stormy altar of Qazlal.
    26 | D        | Found an iron altar of Okawaru.
    26 | D        | Found a sparkling altar of Nemelex Xobeh.
    26 | D        | Found a burning altar of Makhleb.
    26 | D        | Found a blossoming altar of Fedhas.
    26 | D        | Found a white marble altar of Elyvilon.
    26 | D        | Found a shadowy altar of Dithmenos.
    26 | D        | Found a snail-covered altar of Cheibriados.
    27 | D        | Found a radiant altar of Vehumet.
    27 | D        | Found a corrupted altar of Lugonu.
    28 | D        | Found a hide-covered altar of Uskayaw.
    28 | D        | Found an ancient bone altar of Kikubaaqudgha.
    28 | D        | Found a broken altar of Ashenzari.
    30 | D        | Became a worshipper of Ru the Awakened
    64 | D        | Learned a level 2 spell: Searing Ray
   102 | D        | Reached XP level 3. HP: 10/28 MP: 3/8
   330 | D        | Learned a level 3 spell: Dazzling Flash
   341 | D        | Noticed a black bear
   346 | D        | Reached skill level 6 in Conjurations
   348 | D        | Killed a black bear
   349 | D        | Reached skill level 7 in Conjurations
   349 | D        | Reached XP level 4. HP: 18/36 MP: 3/12
   349 | D        | Reached XP level 5. HP: 21/42 MP: 3/13
   356 | D        | Gained mutation: You sometimes lose the ability to read
                  | scrolls when taking damage. [Ru sacrifice]
   356 | D        | Reached * piety under Ru
   527 | D        | Learned a level 4 spell: Fulminant Prism
   541 | D        | Noticed a floating eye
   543 | D        | Noticed a wolf
   546 | D        | Paralysed by a floating eye for 2 turns
   547 | D        | Noticed Prince Ribbit
   554 | D        | Reached skill level 8 in Conjurations
   554 | D        | Reached skill level 5 in Hexes
   554 | D        | Reached XP level 6. HP: 29/49 MP: 5/15
   555 | D        | Paralysed by a floating eye for 4 turns
   558 | D        | Demolished by Prince Ribbit

Illustrated notes

Levels and vault maps discovered:
D:        pitsprint [storerooms_1, entrance_room_1, metal_vault_6, armoury_3,
          mini_pit_1, grid_room_1, main_hall_1, silver_pit, the_coven_3,
          the_vestibule_1, steel_vault_2, golden_pit, hallway_of_sentries,
          crystal_vault_4, iron_vault_3, final_vault]

Skill      XL: |  1  2  3  4  5  6 |
---------------+-------------------+-----
Spellcasting   | 3 4 6 7 |  7.0
Conjurations   | 5 7 8 |  8.4
Hexes          | 4 5 |  5.7
Dodging        | |  1.5
Stealth        | |  3.0

Action                   |  1- 3 |  4- 6 || total
-------------------------+-------+-------++-------
Melee: Trident           |     4 |       ||     4
 Cast: Magic Dart        |     4 |       ||     4
       Searing Ray       |     4 |     3 ||     7
Invok: Sacrifice Words   |       |     1 ||     1
 Abil: Spit Poison       |     4 |     1 ||     5
  Use: Potion            |       |     2 ||     2
Armor: Robe              |     3 |       ||     3
Dodge: Dodged            |    10 |     1 ||    11

Table legend: (Time is in decaauts)
 A = Elapsed time spent in this place.
 B = Non-inter-level travel time spent in this place.
 C = Inter-level travel time spent in this place.
 D = Time resting spent in this place.
 E = Time spent auto-exploring this place.
 F = Levels seen in this place.
 G = Mean time per level.
                   A        B        C        D        E       F      G
               +--------+--------+--------+--------+--------+-----+--------+
         Total |    606 |    606 |      0 |    366 |      0 |   1 |  606.0 |
       Dungeon |    606 |    606 |      0 |    366 |      0 |   1 |  606.0 |
               +--------+--------+--------+--------+--------+-----+--------+

Top non-repeatable levels by time:
       D: 606 daAuts
